 Dungeon Crawl Stone Soup version 0.22.1-1-ga44c0e56f4 (webtiles) character file.

361 JOKERXD40 the Magician (level 6, -1/36 HPs)
             Began as an Octopode Wizard on Nov 11, 2018.
             Slain by a quokka (2 damage)
             ... on level 4 of the Dungeon.
             The game lasted 00:39:26 (5274 turns).

JOKERXD40 the Magician (Octopode Wizard)            Turns: 5274, Time: 00:39:27

Health: -1/36      AC:  2    Str:  6    XL:     6   Next: 66%
Magic:  1/13       EV: 13    Int: 21    God:
Gold:   129        SH:  2    Dex: 12    Spells: 7/15 levels left

rFire    . . .     SeeInvis .   f - +1 whip (drain)
rCold    . . .     Gourm    .   (no shield)
rNeg     . . .     Faith    .   a - +1 hat
rPois    .         Spirit   .   w - +2 amulet of reflection
rElec    .         Reflect  +   b - ring of protection from magic
rCorr    .         Harm     .   (no ring)
MR       +....                  (no ring)
Stlth    +++.......             (no ring)
HPRegen  0.12/turn              (no ring)
MPRegen  0.13/turn              (no ring)
                                (no ring)
                                (no ring)

@: hasted, very quick
A: almost no armour, stealthy swim, amphibious, 8 rings, constrict 8, camouflage
1, gelatinous body 1
a: no special abilities


You were on level 4 of the Dungeon.
You were not hungry.

You visited 1 branch of the dungeon, and saw 4 of its levels.

You collected 129 gold pieces.

Inventory:

Hand Weapons
 f - a +1 whip of draining (weapon)
Missiles
 h - 3 javelins of returning (quivered)
Armour
 a - a +1 hat (worn)
Jewellery
 b - a ring of protection from magic (left tentacle)
 w - a +2 amulet of reflection (around mantle)
Wands
 k - a wand of random effects (10)
 n - a wand of flame (38)
Scrolls
 d - 2 scrolls of teleportation
 g - a scroll of identify
 j - a scroll of remove curse
 l - a scroll of enchant armour
Potions
 e - 2 potions of curing {unknown}
 i - 2 potions of brilliance {unknown}
 m - a potion of haste
 o - a potion of heal wounds {unknown}
 p - 2 potions of flight {unknown}
 q - a potion of resistance {unknown}
 r - 2 potions of lignification {unknown}
Comestibles
 c - 2 rations


   Skills:
 - Level 0.2 Maces & Flails
 - Level 2.0 Dodging
 - Level 3.3 Stealth
 + Level 5.1 Spellcasting
 - Level 2.2 Conjurations
 - Level 2.1 Summonings
 - Level 2.0 Translocations
 * Level 1.0 Air Magic
 * Level 1.3 Poison Magic
 - Level 1.5 Evocations


You had 7 spell levels left.
You knew the following spells:

 Your Spells              Type           Power        Failure   Level  Hunger
a - Magic Dart            Conj           ##..         4%          1    None
b - Blink                 Tloc           N/A          7%          2    None
c - Call Imp              Summ           ##......     7%          2    None
d - Mephitic Cloud        Conj/Pois/Air  ##......     17%         3    ##.....

Your spell library contained the following spells:

 Spells                   Type           Power        Failure   Level  Hunger
 Slow                     Hex            #.......     16%         2    None
 Conjure Flame            Conj/Fire      ##......     21%         3    ##.....


Dungeon Overview and Level Annotations

Branches:
Dungeon (4/15)
 Temple: D:4-7

Altars:


Innate Abilities, Weirdness & Mutations

You cannot wear most types of armour.
You are very stealthy in the water. (Stealth+)
You are amphibious.
You can wear up to eight rings at the same time.
You can use your tentacles to constrict eight enemies at once.
Your skin changes colour to match your surroundings (Stealth+).
Your rubbery body absorbs attacks. (AC +1, EV +1)


Message History

You barely miss the centaur. Your squeeze misses the centaur.
The centaur is heavily wounded.
The centaur hits you.
* * * LOW HITPOINT WARNING * * *
The quokka bites you.
* * * LOW HITPOINT WARNING * * *
You hit the centaur.
The centaur is heavily wounded.
The centaur closely misses you. The quokka bites you.
* * * LOW HITPOINT WARNING * * *
The centaur hits you.
* * * LOW HITPOINT WARNING * * *
The quokka misses you.
It was a potion of haste.
You feel yourself speed up.
The iguana hisses angrily.
The centaur misses you. The quokka bites you.
* * * LOW HITPOINT WARNING * * *
The centaur hits you but does no damage.
The quokka bites you.
You die...

... .... ..l.#
######
.....##....#
#...#?...#
#.....(# .h
##.w..†# ..
#c...%# .# #.@r.(#
.# #.....# .#
#.....# .#
###.#(#####†###.#
.........c(h%...#
####....###.#.....
#....(#......$..
#.....#....... .
#...............


You could see a centaur, a worm, an iguana and a quokka.

Vanquished Creatures
  A hound (D:2)
  An orc priest (D:3)
  Ijyb (D:3)
  2 gnolls (D:2)
  8 adders
  An ooze (D:1)
  A worm (D:2)
  2 dart slugs (D:1)
  2 leopard geckos (D:1)
  5 orcs
  A giant cockroach (D:4)
  6 hobgoblins
  2 jackals (D:4)
  A ball python (D:3)
  8 bats
  3 frilled lizards
  5 goblins
  9 kobolds
  5 rats
64 creatures vanquished.

Vanquished Creatures (collateral kills)
  2 orc priests (D:3)
  Terence (D:3)
  Natasha (thrice) (D:3)
  A gnoll (D:2)
  4 adders (D:2)
  A worm (D:2)
  3 orcs (D:3)
  A giant cockroach (D:3)
  2 jackals (D:4)
18 creatures vanquished.

Grand Total: 82 creatures vanquished

Notes
Turn   | Place    | Note
-------+----------+-------------------------------------------
     0 | D:1      | JOKERXD40 the Octopode Wizard began the quest for the Orb.
     0 | D:1      | Reached XP level 1. HP: 11/11 MP: 4/4
   133 | D:1      | Reached XP level 2. HP: 16/17 MP: 0/6
   825 | D:1      | Reached XP level 3. HP: 21/21 MP: 1/8
  1362 | D:2      | Reached skill level 4 in Spellcasting
  1362 | D:2      | Reached XP level 4. HP: 11/27 MP: 3/10
  1366 | D:2      | Learned a level 2 spell: Blink
  1369 | D:2      | Learned a level 2 spell: Call Imp
  2295 | D:2      | Reached XP level 5. HP: 30/31 MP: 7/11
  3099 | D:3      | Noticed Natasha
  3118 | D:3      | Killed Natasha
  3118 | D:3      | Reached skill level 1 in Evocations
  3123 | D:3      | Learned a level 3 spell: Mephitic Cloud
  3638 | D:3      | Reached XP level 6. HP: 36/36 MP: 6/13
  3726 | D:3      | Noticed Terence
  3739 | D:3      | Killed Terence
  3763 | D:3      | Noticed Ijyb
  3775 | D:3      | Killed Ijyb
  4262 | D:3      | Noticed Natasha
  4269 | D:3      | Killed Natasha
  4269 | D:3      | Reached skill level 1 in Poison Magic
  4623 | D:3      | Reached skill level 5 in Spellcasting
  4694 | D:3      | Noticed Natasha
  4697 | D:3      | Killed Natasha
  4697 | D:3      | Reached skill level 1 in Air Magic
  5273 | D:4      | HP: 1/36 [quokka (4)]
  5274 | D:4      | Slain by a quokka

Skill      XL: |  1  2  3  4  5  6 |
---------------+-------------------+-----
Stealth        | 3 |  3.3
Spellcasting   | 4 5 |  5.1
Conjurations   | 2 |  2.2
Summonings     | 2 |  2.1
Translocations | 2 |  2.0
Evocations     | 1 |  1.5
Poison Magic   | 1 |  1.3
Air Magic      | 1 |  1.0
Maces & Flails | |  0.2
Dodging        | |  2.0

Action                   |  1- 3 |  4- 6 || total
-------------------------+-------+-------++-------
Melee: Unarmed           |     7 |       ||     7
       Constrict         |     4 |     7 ||    11
       Tentacles         |     3 |     5 ||     8
       Whip              |     4 |    34 ||    38
Throw: Javelin           |       |     3 ||     3
 Cast: Magic Dart        |    62 |   116 ||   178
       Call Imp          |       |    35 ||    35
       Blink             |       |     6 ||     6
       Mephitic Cloud    |       |     2 ||     2
  Use: Scroll            |       |     9 ||     9
       Potion            |       |     1 ||     1
 Stab: Sleeping          |       |     1 ||     1
  Eat: Chunk             |     1 |     7 ||     8
       Ration            |       |     2 ||     2
Armor: Skin              |       |     2 ||     2
Dodge: Dodged            |    20 |    41 ||    61
Block: Other             |       |     2 ||     2
